AoeStats
← Křovák

MegaRandom

506878535Analyzed
1v1 RM · 17d ago on Sep 15, 2026· 53m 50s· 2 players
Game mode
Random Map
Map size
Tiny (2 player)
Population
200
Speed
Normal
Resources
Standard
Victory
Conquest
Starting age
Dark Age
Ending age
Imperial Age
RankedLock teamsTeams togetherTeam positionsShared explorationLock speedFull tech treeHidden civsTurbo modeCheats
Victory
Defeat
🇸🇪 Khmer · Sweden
826
+16
🇨🇿 Malians · Czechia
817
-16
Křovák
7:31 Loom
10:35 Feudal Age
11:27 Double-Bit Axe
13:55 Horse Collar
21:45 Castle Age
22:52 Fletching
23:41 Heavy Plow
23:55 Bow Saw
23:49 Bodkin Arrow
42:10 Pikeman
48:27 Imperial Age
51:55 Gold Mining
Wavedash
10:16 Feudal Age
10:49 Loom
11:45 Double-Bit Axe
15:38 Bloodlines
19:39 Castle Age
17:40 Horse Collar
18:43 Forging
20:25 Crossbowman
21:10 Light Cavalry
25:29 Fletching
25:39 Padded Archer Armor
25:39 Gold Mining
25:39 Stone Mining
27:07 Husbandry
29:35 Wheelbarrow
28:50 Town Watch
31:06 Iron Casting
34:20 Bow Saw
34:15 Man-at-Arms
34:40 Arson
36:01 Long Swordsman
41:33 Imperial Age
41:09 Town Patrol
43:02 Murder Holes
54:41 Conscription
Connection lost

Rejoining the realm…

Still unreachable

The connection could not be restored.

Session expired

The server has moved on; the page needs a fresh start.